BSA
HOUSTON MARSHALS @ AUSTIN RIVER SHARKS
09/23/2029
 
TOP OF THE 1ST
Houston Marshals batting - Pitching for Austin River Sharks : RHP Carlos Hernández
Pitching: RHP Carlos Hernández
Batting: RHB Javier Rentería 0-0: Ground out 5-3 (Groundball, 56S)
Batting: RHB Gilberto López 0-0: Foul Ball, location: 2F
0-1: Ball
1-1: Ball
2-1: Foul Ball, location: 2F
2-2: Foul Ball, location: 2F
2-2: Ball
3-2: Fly out, F7 (Flyball, 78S)
Batting: RHB Chris Parker 0-0: Ball
1-0: Ball
2-0: Called Strike
2-1: Ball
3-1: Called Strike
3-2: SINGLE (Groundball, 34D)
Batting: LHB Matt Smith 0-0: Called Strike
0-1: Foul Ball, location: 2F
0-2: Foul Ball, location: 2F
0-2: Strikes out swinging
Top of the 1st over - 0 runs, 1 hit, 0 errors, 1 left on base; Houston 0 - Austin 0
BOTTOM OF THE 1ST
Austin River Sharks batting - Pitching for Houston Marshals : RHP José Salinas
Pitching: RHP José Salinas
Batting: LHB José Liñares 0-0: Ball
1-0: SOLO HOME RUN (Line Drive, 9LD), Distance : 368 ft
Batting: RHB Richard Coker 0-0: Called Strike
0-1: SINGLE (Line Drive, 9S)
Batting: LHB Greg Nelson 0-0: Fly out, F3 (Line Drive, 34S)
Batting: RHB Edward Young 0-0: Ball
1-0: Ball
2-0: Foul Ball, location: 2F
2-1: Foul Ball, location: 2F
2-2: Fly out, F8 (Flyball, 89D)
Batting: RHB Pedro Guzmán 0-0: Ball
1-0: Fly out, F9 (Flyball, 89M)
Bottom of the 1st over - 1 run, 2 hits, 0 errors, 1 left on base; Houston 0 - Austin 1
TOP OF THE 2ND
Houston Marshals batting - Pitching for Austin River Sharks : RHP Carlos Hernández
Batting: LHB Lewis Barr 0-0: Called Strike
0-1: Foul Ball, location: 2F
0-2: Ball
1-2: Foul Ball, location: 2F
1-2: Ball
2-2: SINGLE (Groundball, 34D)
Batting: RHB Esteban Lara 0-0: Called Strike
0-1: Called Strike
0-2: Ground out 5-3 (Groundball, 56S)
Lewis Barr to second
Batting: SHB Juan Gómez 0-0: Ball
1-0: Called Strike
1-1: Called Strike
1-2: Foul Ball, location: 2F
1-2: Ground out 3-1 (Groundball, 34)
Lewis Barr to third
Batting: RHB Jim Tracy 0-0: Foul Ball, location: 2F
0-1: Ball
1-1: Ground out 4-3 (Groundball, 4)
Top of the 2nd over - 0 runs, 1 hit, 0 errors, 1 left on base; Houston 0 - Austin 1
BOTTOM OF THE 2ND
Austin River Sharks batting - Pitching for Houston Marshals : RHP José Salinas
Batting: RHB Tony Cruz 0-0: SINGLE (Flyball, 9S)
Batting: RHB Júlio Figueroa 0-0: Called Strike
0-1: Foul Ball, location: 2F
0-2: Ball
1-2: DOUBLE (Line Drive, 78D)
Tony Cruz to third
Batting: LHB Harry Pitts 0-0: Called Strike
0-1: Called Strike
0-2: Foul Ball, location: 2F
0-2: Ball
1-2: Ball
2-2: Foul Ball, location: 2F
2-2: Ball
3-2: Fly out, F5 (Popup, 25)
Batting: RHB Dan Wyatt 0-0: Ball
1-0: Called Strike
1-1: Fly out, F9 (Flyball, 9LSF)
Runner from 3rd tags up, SCORES, no throw
Batting: LHB José Liñares 0-0: Called Strike
0-1: Ball
1-1: Swinging Strike
1-2: Ball
2-2: Foul Ball, location: 2F
2-2: Foul Ball, location: 2F
2-2: Foul Ball, location: 2F
2-2: Foul Ball, location: 2F
2-2: Foul Ball, location: 2F
2-2: Ground out 4-3 (Groundball, 4)
Bottom of the 2nd over - 1 run, 2 hits, 0 errors, 1 left on base; Houston 0 - Austin 2
TOP OF THE 3RD
Houston Marshals batting - Pitching for Austin River Sharks : RHP Carlos Hernández
Batting: RHB Michael Thomas 0-0: Ball
1-0: Ball
2-0: Called Strike
2-1: Fly out, F7 (Line Drive, 7LD)
Batting: RHB Javier Rentería 0-0: Called Strike
0-1: Ball
1-1: Called Strike
1-2: Ground out 3-1 (Groundball, 34S)
Batting: RHB Gilberto López 0-0: Called Strike
0-1: Ball
1-1: Called Strike
1-2: Ground out 5-3 (Groundball, 56S)
Top of the 3rd over - 0 runs, 0 hits, 0 errors, 0 left on base; Houston 0 - Austin 2
BOTTOM OF THE 3RD
Austin River Sharks batting - Pitching for Houston Marshals : RHP José Salinas
Batting: RHB Richard Coker 0-0: Called Strike
0-1: Ball
1-1: Ball
2-1: Foul Ball, location: 2F
2-2: Strikes out looking
Batting: LHB Greg Nelson 0-0: Ground out 6-3 (Groundball, 56)
Batting: RHB Edward Young 0-0: Called Strike
0-1: Ground out 5-3 (Groundball, 56)
Bottom of the 3rd over - 0 runs, 0 hits, 0 errors, 0 left on base; Houston 0 - Austin 2
TOP OF THE 4TH
Houston Marshals batting - Pitching for Austin River Sharks : RHP Carlos Hernández
Batting: RHB Chris Parker 0-0: Ball
1-0: Fly out, F5 (Popup, 56S)
Batting: LHB Matt Smith 0-0: Called Strike
0-1: Ball
1-1: Ball
2-1: Foul Ball, location: 2F
2-2: Foul Ball, location: 2F
2-2: Foul Ball, location: 2F
2-2: Foul Ball, location: 2F
2-2: SINGLE (Line Drive, 56)
Batting: LHB Lewis Barr 0-0: SINGLE (Flyball, 78S)
Matt Smith to second
Batting: RHB Esteban Lara 0-0: Fielders Choice at 2nd, 5-4 (Groundball, 56)
Matt Smith to third
Batting: SHB Juan Gómez 0-0: Ball
1-0: Called Strike
1-1: Ball
2-1: 3-RUN HOME RUN (Line Drive, 89XD), Distance : 393 ft
Batting: RHB Jim Tracy 0-0: Ball
1-0: Foul Ball, location: 2F
1-1: Foul Ball, location: 2F
1-2: Ball
2-2: Ball
3-2: Foul Ball, location: 2F
3-2: Fly out, F8 (Line Drive, 78M)
Top of the 4th over - 3 runs, 3 hits, 0 errors, 0 left on base; Houston 3 - Austin 2
BOTTOM OF THE 4TH
Austin River Sharks batting - Pitching for Houston Marshals : RHP José Salinas
Batting: RHB Pedro Guzmán 0-0: Reached on error, E1 (Groundball, 15S)
Batting: RHB Tony Cruz 0-0: Ball
1-0: Ball
2-0: Ball
3-0: Swinging Strike
3-1: Called Strike
3-2: Grounds into double play, 6-4-3 (Groundball, 6)
Batting: RHB Júlio Figueroa 0-0: Ball
1-0: Called Strike
1-1: Called Strike
1-2: Ball
2-2: Strikes out swinging
Bottom of the 4th over - 0 runs, 0 hits, 1 error, 0 left on base; Houston 3 - Austin 2
TOP OF THE 5TH
Houston Marshals batting - Pitching for Austin River Sharks : RHP Carlos Hernández
Batting: RHB Michael Thomas 0-0: SOLO HOME RUN (Flyball, 7LD), Distance : 388 ft
Batting: RHB Javier Rentería 0-0: Ball
1-0: Ball
2-0: Ball
3-0: Called Strike
3-1: Called Strike
3-2: Strikes out swinging
Batting: RHB Gilberto López 0-0: Ball
1-0: Called Strike
1-1: Foul Ball, location: 2F
1-2: Ball
2-2: Ball
3-2: Ground out 6-3 (Groundball, 6D)
Batting: RHB Chris Parker 0-0: Foul Ball, location: 2F
0-1: Swinging Strike
0-2: Ball
1-2: Strikes out swinging
Top of the 5th over - 1 run, 1 hit, 0 errors, 0 left on base; Houston 4 - Austin 2
BOTTOM OF THE 5TH
Austin River Sharks batting - Pitching for Houston Marshals : RHP José Salinas
Batting: LHB Harry Pitts 0-0: Ball
1-0: Ground out 4-3 (Groundball, 4S)
Batting: RHB Dan Wyatt 0-0: Called Strike
0-1: Fly out, F8 (Flyball, 8RD)
Batting: LHB José Liñares 0-0: Ball
1-0: Foul Ball, location: 2F
1-1: Ball
2-1: Fly out, F7 (Flyball, 7S)
Bottom of the 5th over - 0 runs, 0 hits, 0 errors, 0 left on base; Houston 4 - Austin 2
TOP OF THE 6TH
Houston Marshals batting - Pitching for Austin River Sharks : RHP Carlos Hernández
Batting: LHB Matt Smith 0-0: SINGLE (Flyball, 78S)
Batting: LHB Lewis Barr 0-0: Ball
1-0: Foul Ball, location: 2F
1-1: Ball
2-1: Ball
3-1: Called Strike
3-2: Fly out, F8 (Flyball, 8RM)
Batting: RHB Esteban Lara 0-0: Ball
1-0: Ball
2-0: Foul Ball, location: 2F
2-1: Swinging Strike
2-2: Strikes out looking
Batting: SHB Juan Gómez 0-0: Ball
1-0: Foul Ball, location: 2F
1-1: Foul Ball, location: 2F
1-2: Ball
2-2: Strikes out swinging
Top of the 6th over - 0 runs, 1 hit, 0 errors, 1 left on base; Houston 4 - Austin 2
BOTTOM OF THE 6TH
Austin River Sharks batting - Pitching for Houston Marshals : RHP José Salinas
Batting: RHB Richard Coker 0-0: Foul Ball, location: 2F
0-1: Ground out U3 (Groundball, 3)
Batting: LHB Greg Nelson 0-0: Foul Ball, location: 2F
0-1: Foul Ball, location: 2F
0-2: Ball
1-2: Ball
2-2: SINGLE (Groundball, 3D)
Batting: RHB Edward Young 0-0: Swinging Strike
0-1: Foul Ball, location: 2F
0-2: Ball
1-2: Ball
2-2: Fly out, F8 (Flyball, 78D)
Batting: RHB Pedro Guzmán 0-0: Ball
1-0: Ball
2-0: 2-RUN HOME RUN (Flyball, 78XD), Distance : 412 ft
Batting: RHB Tony Cruz 0-0: Ball
1-0: Swinging Strike
1-1: Ball
2-1: Ball
3-1: Swinging Strike
3-2: Strikes out swinging
Bottom of the 6th over - 2 runs, 2 hits, 0 errors, 0 left on base; Houston 4 - Austin 4
TOP OF THE 7TH
Houston Marshals batting - Pitching for Austin River Sharks : RHP Carlos Hernández
Pitching: RHP Jorge Delgado
Batting: RHB Jim Tracy 0-0: Foul Ball, location: 2F
0-1: Ball
1-1: Foul Ball, location: 2F
1-2: Ball
2-2: Ball
3-2: Foul Ball, location: 2F
3-2: SINGLE (Flyball, 78S)
Batting: RHB Michael Thomas 0-0: Bunt missed!
0-1: Sac Bunt - play at first, batter OUT! 2-4
Jim Tracy to second
Batting: RHB Javier Rentería 0-0: Ball
1-0: Ball
2-0: Called Strike
2-1: Ground out 5-3 (Groundball, 56)
Batting: RHB Gilberto López 0-0: Foul Ball, location: 2F
0-1: Swinging Strike
0-2: Foul Ball, location: 2F
0-2: Ball
1-2: Ball
2-2: Ball
3-2: Foul Ball, location: 2F
3-2: SINGLE (Line Drive, 5)
Jim Tracy to third
Jim Tracy scores
Batting: RHB Chris Parker 0-0: Ball
1-0: Called Strike
Gilberto López steals 2nd base
1-1: SINGLE (Flyball, 8LS)
Gilberto López to third
Runner from 3rd tries for Home, SAFE, no throw
Batting: LHB Matt Smith 0-0: Ball
1-0: Called Strike
1-1: Swinging Strike
1-2: Strikes out swinging
Top of the 7th over - 2 runs, 3 hits, 0 errors, 1 left on base; Houston 6 - Austin 4
BOTTOM OF THE 7TH
Austin River Sharks batting - Pitching for Houston Marshals : RHP José Salinas
Batting: RHB Júlio Figueroa 0-0: Ball
1-0: Called Strike
1-1: Ball
2-1: Foul Ball, location: 2F
2-2: Ball
3-2: SOLO HOME RUN (Flyball, 7LD), Distance : 368 ft
Pitching: RHP Jim Durham
Batting: LHB Harry Pitts 0-0: Called Strike
0-1: Foul Ball, location: 2F
0-2: Foul Ball, location: 2F
0-2: Strikes out looking
Batting: RHB Dan Wyatt 0-0: Called Strike
0-1: Swinging Strike
0-2: Ball
1-2: Ball
2-2: Ground out 2-3 (Groundball, 15S)
Pitching: LHP Edgardo Guzmán
Batting: LHB José Liñares 0-0: Called Strike
0-1: Swinging Strike
0-2: Ground out U3 (Groundball, 34)
Bottom of the 7th over - 1 run, 1 hit, 0 errors, 0 left on base; Houston 6 - Austin 5
TOP OF THE 8TH
Houston Marshals batting - Pitching for Austin River Sharks : RHP Jorge Delgado
Pitching: RHP Jean Burrows
Batting: LHB Lewis Barr 0-0: Called Strike
0-1: Ball
1-1: Foul Ball, location: 2F
1-2: Foul Ball, location: 2F
1-2: Ball
2-2: Ball
3-2: Ground out 6-3 (Groundball, 6)
Batting: RHB Esteban Lara 0-0: Ground out 5-3 (Groundball, 2L)
Batting: SHB Juan Gómez 0-0: Ball
1-0: Swinging Strike
1-1: Ball
2-1: Swinging Strike
2-2: Ground out 6-3 (Groundball, 6)
Top of the 8th over - 0 runs, 0 hits, 0 errors, 0 left on base; Houston 6 - Austin 5
BOTTOM OF THE 8TH
Austin River Sharks batting - Pitching for Houston Marshals : LHP Edgardo Guzmán
Pitching: RHP Jim Daniel
Batting: RHB Richard Coker 0-0: Called Strike
0-1: SOLO HOME RUN (Flyball, 9LD), Distance : 347 ft
Batting: LHB Greg Nelson 0-0: SINGLE (Line Drive, 89S)
Batting: RHB Edward Young 0-0: Ball
1-0: Ground out 3-1 (Groundball, 34S)
Greg Nelson to second
Batting: RHB Pedro Guzmán 0-0: Fly out, F8 (Flyball, 8RD)
Batting: RHB Tony Cruz 0-0: Swinging Strike
0-1: Called Strike
0-2: Ball
1-2: Ground out U3 (Groundball, 3L)
Bottom of the 8th over - 1 run, 2 hits, 0 errors, 1 left on base; Houston 6 - Austin 6
TOP OF THE 9TH
Houston Marshals batting - Pitching for Austin River Sharks : RHP Jean Burrows
Pitching: RHP Paco Gutiérrez
Batting: RHB Jim Tracy 0-0: Ball
1-0: Ball
2-0: Ball
3-0: Base on Balls
Pinch Runner at 1st Guy Moss:
Batting: RHB Michael Thomas 0-0: Called Strike
Guy Moss steals 2nd base
0-1: Ball
1-1: Foul Ball, location: 2F
1-2: SINGLE (Groundball, 25) (infield hit)
Guy Moss to third
Batting: RHB Javier Rentería 0-0: DOUBLE (Line Drive, 7LM)
Guy Moss scores
Michael Thomas to third
Batting: RHB Gilberto López 0-0: Ground out 6-3 (Groundball, 6MS)
Batting: RHB Chris Parker 0-0: Intentional Walk
Batting: LHB Matt Smith 0-0: Foul Ball, location: 2F
0-1: Ball
1-1: Ball
2-1: Swinging Strike
2-2: Ball
3-2: Strikes out looking
Batting: LHB Lewis Barr 0-0: Called Strike
0-1: Fly out, F7 (Flyball, 7D)
Top of the 9th over - 1 run, 2 hits, 0 errors, 3 left on base; Houston 7 - Austin 6
BOTTOM OF THE 9TH
Austin River Sharks batting - Pitching for Houston Marshals : RHP Jim Daniel
Pitching: RHP Vinícius Itaquy
Now at 3B: Ramón Lugo
Batting: RHB Júlio Figueroa 0-0: Called Strike
0-1: Ball
1-1: Foul Ball, location: 2F
1-2: Ball
2-2: Strikes out swinging
Batting: LHB Harry Pitts 0-0: Ball
1-0: Called Strike
1-1: Ball
2-1: Swinging Strike
2-2: Strikes out swinging
Batting: RHB Dan Wyatt 0-0: Ball
1-0: Called Strike
1-1: SINGLE (Groundball, 34D)
Batting: LHB José Liñares 0-0: Ball
1-0: Ball
Wild Pitch!
Dan Wyatt to second
2-0: Ball
3-0: Base on Balls
Batting: RHB Richard Coker 0-0: Swinging Strike
0-1: Ground out 4-3 (Groundball, 34)
Bottom of the 9th over - 0 runs, 1 hit, 0 errors, 2 left on base; Houston 7 - Austin 6
Saturday, December 16th, 2017 - OOTP Baseball 18.8 Build 76